 Dungeon Crawl Stone Soup version 0.27-a0-1140-g099f9bb0e8 (webtiles) character file.

Game seed: 982301275588414653

152 leviel the Skirmisher (level 5, -1/70 HPs)
             Began as a Minotaur Fighter on May 9, 2021.
             Slain by Crazy Yiuf
             ... wielding a +2 quarterstaff of chaos
              (5 damage)
             ... while paralysed by Crazy Yiuf
             ... on level 3 of the Dungeon.
             The game lasted 00:02:15 (3013 turns).

leviel the Skirmisher (Minotaur Fighter)            Turns: 3013, Time: 00:02:16

Health: -1/70      AC:  8    Str: 21    XL:     5   Next: 11%
Magic:  4/4        EV:  2    Int:  5    God:
Gold:   136        SH:  0    Dex: 10    Spells: 4/4 levels left

rFire    . . .     SeeInvis .   a - +0 war axe
rCold    . . .     Faith    .   c - +0 kite shield
rNeg     . . .     Spirit   .   b - +0 scale mail
rPois    .         Reflect  .   (helmet restricted)
rElec    .         Harm     .   (no cloak)
rCorr    .         Rampage  .   (no gloves)
Will     .....                  n - +0 pair of boots
Stlth    ..........             (no amulet)
HPRegen  0.21/turn              (no ring)
MPRegen  0.09/turn              (no ring)

@: paralysed, berserking
A: horns 2, retaliatory headbutt
a: no special abilities


You were on level 3 of the Dungeon.
You visited 1 branch of the dungeon, and saw 3 of its levels.

You collected 136 gold pieces.

Inventory:

Hand Weapons
 a - a +0 war axe (weapon)
Armour
 b - a +0 scale mail (worn)
 c - a +0 kite shield (worn)
 n - a +0 pair of boots (worn)
Wands
 u - a wand of flame (28)
Scrolls
 i - 5 scrolls of identify {unknown}
 j - a scroll of fear {unknown}
 k - a scroll of vulnerability {unknown}
 l - 2 scrolls of enchant armour {unknown}
 r - a scroll of teleportation {unknown}
 t - a scroll of magic mapping {unknown}
 v - a scroll of acquirement {unknown}
Potions
 d - 2 potions of might
 e - a potion of invisibility {unknown}
 f - a potion of haste {unknown}
 g - a potion of lignification {unknown}
 h - a potion of heal wounds {unknown}
 m - a potion of resistance {unknown}
 p - a potion of cancellation {unknown}
 q - a potion of curing {unknown}
 s - 2 potions of flight {unknown}
Miscellaneous
 o - a piece from Xom's chessboard (15/15)


   Skills:
 + Level 4.7 Fighting
 + Level 3.8 Axes
 + Level 4.7 Armour
 + Level 4.7 Shields


You had 4 spell levels left.
You didn't know any spells.
Your spell library was empty.

Dungeon Overview and Level Annotations

Branches:
Dungeon (3/15)

Altars:
Cheibriados

Shops:
D:1 *

Annotations:
D:3 Crazy Yiuf


Innate Abilities, Weirdness & Mutations

You have a pair of horns on your head.
You reflexively headbutt those who attack you in melee.


Message History

Crazy Yiuf yells, "Leather arm sing-song!"
Could not explore, unopened runed door.
Could not explore, unopened runed door.
Could not explore, unopened runed door.
No reachable target in view!
You open the door. You closely miss Crazy Yiuf. You headbutt Crazy Yiuf.
Crazy Yiuf is moderately wounded.
Crazy Yiuf closely misses you. You furiously retaliate!
You headbutt Crazy Yiuf, but do no damage.
You closely miss Crazy Yiuf. Your headbutt misses Crazy Yiuf.
Crazy Yiuf is moderately wounded.
Crazy Yiuf screams, "Race arm return to song!"
Crazy Yiuf hits you but does no damage.
You are poisoned.
You closely miss Crazy Yiuf.
Crazy Yiuf is moderately wounded.
You feel very sick.
Crazy Yiuf hits you with a +2 quarterstaff of chaos!
Crazy Yiuf burns you. You block Crazy Yiuf's attack.
You hit Crazy Yiuf.
You headbutt Crazy Yiuf, but do no damage.
Crazy Yiuf is heavily wounded.
You feel sick.
Crazy Yiuf hits you with a +2 quarterstaff of chaos!
Crazy Yiuf freezes you. You block Crazy Yiuf's attack.
You hit Crazy Yiuf but do no damage.
Crazy Yiuf is heavily wounded.
You feel sick.
Crazy Yiuf hits you with a +2 quarterstaff of chaos!
* * * LOW HITPOINT WARNING * * *
You suddenly lose the ability to move!
You feel sick.
You are no longer poisoned.
Crazy Yiuf hits you with a +2 quarterstaff of chaos!
* * * LOW HITPOINT WARNING * * *
A red film seems to cover your vision as you go berserk!
You feel yourself moving faster!
You feel mighty!
Crazy Yiuf hits you with a +2 quarterstaff of chaos.
You die...

.......#.................)......#
...........###########...........
...........# ######.....#
...........# ##### ######.....#
...........# #..)# #...........
.........### #...# #...........
.........### ... #######..#.#
...........# #g# #.....
..#......### ♣♣@♣ ##.#.#
...........# ♣.♣♣ ########.#.#
....#....### ♣♣.♣ #..........#
.##.#......# ♣.♣♣ ########.#.#
.##.#....### ♣♣.♣♣ #.#.#
....#....### ♣...♣♣ #.#.#
.####......# ♣....♣ #.#.#
...........# ##..## #....
...........###....####### #....


You could see Crazy Yiuf.

Vanquished Creatures
  An iguana (D:3)
  6 adders
  4 dart slugs
  A worm (D:2)
  2 orcs (D:3)
  3 endoplasms (D:1)
  5 giant cockroaches
  5 goblins
  6 hobgoblins
  4 jackals (D:3)
  5 kobolds
  A quokka (D:1)
  5 ball pythons
  5 bats
  2 frilled lizards
  3 rats
58 creatures vanquished.

Notes
Turn   | Place    | Note
-------+----------+-------------------------------------------
     0 | D:1      | leviel the Minotaur Fighter began the quest for the Orb.
     0 | D:1      | Reached XP level 1. HP: 19/19 MP: 0/0
   171 | D:1      | Reached XP level 2. HP: 24/27 MP: 1/1
   197 | D:1      | Found Nunkuc's Assorted Antiques.
   372 | D:1      | Reached XP level 3. HP: 27/33 MP: 2/2
  1420 | D:2      | Found a faded altar of an unknown god.
  1728 | D:3      | Reached XP level 4. HP: 41/41 MP: 3/3
  2159 | D:3      | Reached XP level 5. HP: 47/47 MP: 4/4
  2226 | D:3      | Found a snail-covered altar of Cheibriados.
  2413 | D:3      | Found a runed translucent door.
  2414 | D:3      | Noticed Crazy Yiuf
  3011 | D:3      | Paralysed by Crazy Yiuf for 3 turns
  3012 | D:3      | HP: 2/47 [Crazy Yiuf/+2 quarterstaff of chaos (11)]
  3013 | D:3      | Slain by Crazy Yiuf

Illustrated notes

Levels and vault maps discovered:
D:1:      mushboom_english_gardens, layout_basic, serial_shops, shop,
          minmay_pentomino_s4
D:2:      layout_basic, ebering_ecumenical_altar_hall, serial_rivers,
          chequers_serial_rivers_micro_d, chequers_serial_rivers_room_a,
          chequers_serial_rivers_room_a, chequers_serial_rivers_micro_e,
          minmay_tiny_reverse_x
D:3:      layout_basic, kennysheep_slug_shrine, minmay_checkerbox,
          uniq_crazy_yiuf_cottage

Skill      XL: |  1  2 |
---------------+-------+-----
Shields        | 4 |  4.7
Fighting       | 4 |  4.7
Armour         | 4 |  4.7
Axes           | 3 |  3.8

Action                   |  1- 3 |  4- 6 || total
-------------------------+-------+-------++-------
Melee: War axe           |    69 |    48 ||   117
       Headbutt          |     7 |    12 ||    19
Armor: Scale mail        |    26 |    17 ||    43
Dodge: Dodged            |    21 |    16 ||    37
Block: Kite shield       |    43 |    23 ||    66

Table legend: (Time is in decaauts)
 A = Elapsed time spent in this place.
 B = Non-inter-level travel time spent in this place.
 C = Inter-level travel time spent in this place.
 D = Time resting spent in this place.
 E = Time spent auto-exploring this place.
 F = Levels seen in this place.
 G = Mean time per level.
                   A        B        C        D        E       F      G
               +--------+--------+--------+--------+--------+-----+--------+
         Total |   3078 |   2988 |     90 |    247 |   2400 |   3 | 1026.0 |
       Dungeon |   3078 |   2988 |     90 |    247 |   2400 |   3 | 1026.0 |
               +--------+--------+--------+--------+--------+-----+--------+

Top non-repeatable levels by time:
     D:3: 1336 daAuts
     D:2: 910 daAuts
     D:1: 832 daAuts
